Map: [ESL] Alcyone

Players

Firefly

  • Race: Protoss Protoss
  • Spawn Location: 7:00

Oliveira - Winner!

  • Race: Terran Terran
  • Spawn Location: 1:00

Event: ESL SC2 Masters 2023 Winter (Regional)

VOD

Have the link to the VOD?

Description

Time

  • Played on: Nov. 12, 2023, 8:19 a.m.
  • Length: 11:15

All games in this series

Show
View Real Time Build Order
Export as new Build Order

Firefly Protoss 

Build Orders: 1 Gate Expand, Blink Stalkers 

Get SALT Encoding   

  12  0:00  Probe  
  13  0:12  Probe  
  14  0:16  Pylon  
  14  0:24  Probe  
  15  0:34  Gateway  
  15  0:36  Probe (Chrono Boost)  
  16  0:45  Probe (Chrono Boost)  
  16  0:46  Assimilator  
  17  0:51  Probe (Chrono Boost)  
  18  1:03  Probe  
  19  1:18  Nexus  
  19  1:28  Cybernetics Core  
  19  1:31  Probe  
  20  1:37  Assimilator  
  20  1:43  Probe  
  20  1:46  Pylon  
  21  1:55  Probe  
  22  2:02  Warp Gate (Chrono Boost), Adept (Chrono Boost)  
  22  2:07  Probe  
  25  2:08  Shield Battery  
  25  2:19  Probe  
  26  2:23  Twilight Council  
  26  2:28  Adept  
  28  2:44  Gateway  
  28  2:51  Gateway  
  28  2:57  Gateway  
  28  3:04  Stalker  
  30  3:10  Probe x2  
  32  3:13  Blink (Chrono Boost)  
  32  3:25  Probe  
  32  3:37  Probe  
  33  3:44  Probe  
  34  3:49  Probe  
  35  3:56  Stalker x4  
  35  3:59  Probe  
  35  4:02  Probe  
  45  4:04  Pylon  
  45  4:11  Probe  
  46  4:19  Pylon  
  46  4:23  Shield Battery  
  47  4:26  Stalker x3  
  47  4:28  Stalker  
  54  4:37  Probe x2  
  56  4:58  Nexus  
  56  4:59  Probe x2  
  54  5:02  Robotics Facility  
  54  5:03  Forge  
  54  5:07  Sentry  
  54  5:13  Probe x2  
  58  5:20  Phoenix  
  58  5:21  Pylon  
  58  5:25  Probe x2  
  60  5:34  Protoss Ground Weapons Level 1 (Chrono Boost)  
  58  5:37  Probe  
  58  5:39  Probe  
  58  5:40  Gateway  
  58  5:43  Gateway  
  58  5:44  Gateway  
  58  5:46  Sentry, Warp Prism (Chrono Boost)  
  58  5:47  Gateway  
  58  5:49  Probe  
  63  5:51  Probe  
  64  5:57  Stalker  
  64  6:01  Stalker, Probe  
  64  6:03  Probe  
  70  6:13  Probe  
  70  6:14  Immortal (Chrono Boost)  
  75  6:19  Probe x2, Pylon  
  78  6:29  Zealot x3  
  78  6:32  Zealot, Pylon  
  85  6:37  Charge (Chrono Boost), Pylon  
  85  6:38  Pylon  
  85  6:46  Zealot  
  87  6:47  Pylon  
  87  6:49  Immortal  
  87  6:50  Pylon  
  91  7:01  Pylon  
  91  7:04  Zealot x5  
  91  7:05  Sentry  
  91  7:06  Zealot  
  105  7:09  Probe x2  
  107  7:17  Pylon  
  106  7:27  Stalker, Phoenix  
  106  7:28  Stalker  
  109  7:37  Nexus  
  109  7:40  Protoss Ground Armor Level 1 (Chrono Boost)  
  109  7:42  Zealot x6  
  121  7:56  Zealot  
  121  7:57  Zealot  
  125  8:15  Shield Battery  
  125  8:19  Pylon  
  125  8:22  Stalker x3  
  125  8:23  Stalker  
  125  8:25  Pylon  
  133  8:38  Observer (Chrono Boost)  
  134  8:42  Zealot x4  
  142  8:49  Nexus  
  136  9:08  Zealot x8  
  152  9:11  Zealot x3  
  152  9:12  Zealot x5  
  86  9:33  Stalker x3  
  86  9:34  Zealot x5  
  86  9:36  Probe x2  
  91  9:45  Observer (Chrono Boost)  
  91  9:47  Pylon  
  91  9:48  Probe x2  
  93  10:00  Probe  
  93  10:05  Probe x2  
  96  10:08  Assimilator x2  
  96  10:09  Observer  
  96  10:12  Zealot x6, Probe  
  109  10:17  Probe  
  109  10:20  Probe  
  109  10:21  Stalker x2  
  109  10:24  Probe  
  109  10:30  Photon Cannon  
  106  10:37  Zealot x4  
  106  10:38  Zealot  
  88  10:53  Zealot x3  
  76  10:57  Zealot x2  
  76  10:58  Zealot x3  
Show
View Real Time Build Order
Export as new Build Order

Oliveira Terran - Winner!

Build Orders: Reaper Expand 

Get SALT Encoding   

  12  0:00  SCV  
  13  0:12  SCV  
  14  0:18  Supply Depot  
  14  0:24  SCV  
  15  0:39  SCV  
  15  0:41  Barracks  
  16  0:44  Refinery  
  16  0:51  SCV  
  17  1:03  SCV  
  18  1:15  SCV  
  19  1:28  Orbital Command, Reaper  
  20  1:39  Command Center  
  20  1:48  Supply Depot  
  20  1:54  SCV  
  20  2:00  Marine  
  22  2:06  SCV  
  22  2:07  Factory  
  23  2:13  Bunker  
  23  2:18  SCV, Marine  
  25  2:26  Refinery  
  25  2:30  SCV  
  26  2:38  Barracks Reactor  
  26  2:42  SCV  
  29  2:51  Hellion  
  29  2:52  Orbital Command  
  29  2:56  Starport  
  29  2:57  SCV  
  30  3:09  SCV  
  31  3:13  Marine  
  31  3:14  Marine  
  31  3:19  Factory Tech Lab, SCV  
  34  3:22  SCV  
  35  3:31  Marine x2, Supply Depot, SCV  
  38  3:41  Barracks, SCV  
  37  3:43  Factory Tech Lab, SCV  
  37  3:45  Raven  
  37  3:48  Interference Matrix  
  41  3:49  Marine x2  
  41  3:53  SCV  
  44  3:56  Barracks, SCV  
  44  3:59  Supply Depot  
  45  4:04  Siege Tank  
  45  4:05  SCV  
  45  4:08  SCV  
  45  4:09  Marine  
  50  4:10  Marine  
  52  4:18  SCV  
  52  4:20  SCV, Engineering Bay  
  54  4:27  Marine  
  54  4:30  SCV  
  56  4:32  SCV  
  56  4:33  Marine, Refinery  
  56  4:34  Supply Depot  
  58  4:40  Stimpack, Marine  
  58  4:42  SCV  
  58  4:44  SCV  
  61  4:48  Factory Reactor  
  61  4:50  Marine  
  62  4:53  Starport Reactor  
  62  4:55  Marine  
  61  5:00  Marauder x2  
  61  5:02  SCV  
  61  5:05  Concussive Shells  
  66  5:07  SCV  
  66  5:15  SCV  
  66  5:16  Marine x2  
  66  5:17  Refinery  
  66  5:19  Terran Infantry Weapons Level 1, Supply Depot  
  69  5:22  Marauder  
  69  5:23  SCV, Marauder  
  69  5:27  SCV  
  74  5:34  Marine  
  74  5:35  SCV  
  72  5:39  SCV  
  70  5:43  Marauder  
  70  5:44  Marauder  
  70  5:46  Marine  
  70  5:47  SCV  
  76  5:50  Supply Depot  
  76  5:51  Supply Depot, SCV  
  76  5:52  Widow Mine x2  
  76  5:54  Marine  
  82  5:58  Medivac  
  82  6:03  Supply Depot, Medivac  
  86  6:10  Combat Shield  
  86  6:11  Marine  
  86  6:12  SCV  
  86  6:17  Marauder  
  90  6:19  SCV  
  90  6:23  Marauder, Marine  
  90  6:25  Widow Mine x2  
  96  6:40  Medivac x2  
  96  6:41  Command Center  
  96  6:42  Marine x2  
  96  6:46  Supply Depot  
  104  6:47  Marauder  
  104  6:49  Widow Mine  
  104  6:51  Widow Mine  
  108  6:54  Marauder  
  108  7:00  Marine  
  109  7:06  Marine  
  112  7:08  Marauder  
  112  7:09  Supply Depot  
  112  7:13  Barracks x2  
  112  7:15  Marine  
  113  7:16  Medivac x2  
  117  7:28  Armory  
  117  7:29  Engineering Bay  
  117  7:31  Widow Mine  
  117  7:33  Marine x2  
  117  7:34  Marauder  
  117  7:35  Widow Mine  
  112  7:38  Marauder  
  112  7:40  SCV  
  115  7:47  Viking  
  115  7:49  SCV  
  115  7:50  Terran Infantry Armor Level 1  
  115  7:51  Marine x2  
  118  7:53  Widow Mine  
  118  7:55  Marauder  
  118  7:56  Orbital Command  
  124  7:59  Marine  
  124  8:03  Barracks Reactor, Barracks Tech Lab  
  124  8:09  Marine x2  
  124  8:11  Viking  
  124  8:12  Widow Mine  
  129  8:16  Orbital Command, Marauder  
  129  8:17  Marine  
  132  8:21  Widow Mine  
  132  8:24  SCV x2  
  132  8:26  Marine  
  136  8:27  Marine  
  136  8:31  Marine  
  139  8:35  Marauder  
  139  8:40  Terran Infantry Weapons Level 2  
  141  8:42  SCV, Supply Depot  
  141  8:43  Marauder  
  141  8:44  Marine, SCV x2  
  147  8:48  Ghost Academy  
  147  8:49  Marauder  
  147  8:53  Refinery  
  147  8:54  Marine x2, Refinery  
  151  9:04  Marauder, Marine x2  
  151  9:09  SCV  
  146  9:17  Marine  
  146  9:21  Medivac x2, Marauder, Marine x2  
  141  9:29  Marine  
  141  9:30  SCV x2  
  123  9:31  Marine  
  123  9:34  SCV  
  121  9:39  Marine  
  121  9:40  Marine  
  121  9:42  SCV  
  121  9:43  SCV  
  127  9:47  Ghost x3  
  127  9:48  Marine  
  130  9:54  Command Center  
  130  9:58  Marine x2  
  130  10:03  Supply Depot  
  129  10:10  Marine x2  
  129  10:12  Viking  
  133  10:16  Marauder x2, Marine  
  133  10:19  Widow Mine  
  133  10:20  Marine  
  133  10:21  Sensor Tower, Marine  
  142  10:28  Marine  
  143  10:29  Widow Mine  
  143  10:30  Marine  
  143  10:34  Marauder  
  148  10:38  Marine x2, Marauder  
  148  10:40  SCV  
  151  10:46  Marine  
  148  10:50  Marine x2  
  148  10:53  SCV x2  
  148  10:56  Marine  
  148  10:58  SCV  
Tags
 
Add a new tag
Caveats
  • Supply blocks, unpowered buildings, or Contaminate may cause inaccurate times.
  • Supply counts are checked every 10 seconds.